 Dungeon Crawl Stone Soup version 0.27-a0-1140-g099f9bb0e8 (webtiles) character file.

Game seed: 8598831364622957920

44 Zeld the Ducker (level 3, -5/27 HPs)
             Began as an Octopode Monk on May 9, 2021.
             Slain by an iguana (14 damage)
             ... on level 3 of the Dungeon.
             The game lasted 00:01:20 (1102 turns).

Zeld the Ducker (Octopode Monk)                     Turns: 1102, Time: 00:01:21

Health: -5/27      AC:  1    Str: 11    XL:     3   Next: 62%
Magic:  3/3        EV: 14    Int: 12    God:
Gold:   29         SH:  0    Dex: 14    Spells: 2/2 levels left

rFire    . . .     SeeInvis .     - Unarmed
rCold    . . .     Faith    .   (no shield)
rNeg     . . .     Spirit   .   (helmet restricted)
rPois    .         Reflect  .   c - amulet of the acrobat
rElec    .         Harm     .   (no ring)
rCorr    .         Rampage  .   (no ring)
Will     .....                  (no ring)
Stlth    +++.......             (no ring)
HPRegen  0.09/turn              (no ring)
MPRegen  0.08/turn              (no ring)
                                (no ring)
                                (no ring)

@: no status effects
A: almost no armour, amphibious, 8 rings, camouflage 1, gelatinous body 1,
(nimble swimmer 1), tentacles
a: no special abilities


You were on level 3 of the Dungeon.
You visited 1 branch of the dungeon, and saw 4 of its levels.

You collected 29 gold pieces.

Inventory:

Jewellery
 c - an amulet of the acrobat (around mantle)
Scrolls
 b - a scroll of holy word {unknown}
Potions
 a - a potion of might {unknown}


   Skills:
 * Level 3.7 Fighting
 * Level 3.9 Dodging
 - Level 2.6 Stealth
 - Level 3.0 Unarmed Combat


You had 2 spell levels left.
You didn't know any spells.
Your spell library was empty.

Dungeon Overview and Level Annotations

Branches:
Dungeon (4/15)
 Temple: D:4-7

Altars:


Innate Abilities, Weirdness & Mutations

You cannot wear most types of armour.
You are amphibious.
You can wear up to eight rings at the same time.
Your skin changes colour to match your surroundings (Stealth+).
Your rubbery body absorbs attacks. (AC +1, EV +1)
((You are camouflaged near water. (Stealth+)))
You have tentacles for arms and can constrict up to eight enemies at once.


Message History

You barely miss the endoplasm.
The endoplasm is almost dead.
The endoplasm barely misses you.
You tentacle-slap the endoplasm.
You kill the endoplasm!
You start resting.
You start resting.
HP restored.
You start waiting.
Done waiting.
You climb downwards.
The iguana bites you!
There is a stone staircase leading up here.
The iguana bites you!
* * * LOW HITPOINT WARNING * * *
You climb upwards.
There is a stone staircase leading down here.
Found a black potion.
You are too injured to fight recklessly!
You are too injured to fight recklessly!
You are too injured to fight recklessly!
You tentacle-slap the iguana. You grab the iguana.
You squeeze the iguana, but do no damage.
The iguana is lightly wounded.
You constrict the iguana, but do no damage.
The iguana closely misses you.
Press: ? - help, v - describe, . - travel
Here: an iguana (lightly wounded, constricted by you)
The floor.
You release your grip on the iguana.
You tentacle-slap the iguana. You grab the iguana.
The iguana is moderately wounded.
You constrict the iguana, but do no damage.
The iguana misses you.
You release your grip on the iguana.
You see here a black potion.
You tentacle-slap the iguana. You grab the iguana.
The iguana is heavily wounded.
You constrict the iguana. The iguana bites you!
Ouch! That really hurt!
You die...

#.#####.#.# #.#
#...# #.# ##..#
#.# ##.># #.#
#...# #.# #...#
#.# #...# #.#
#...#########.#
#.#
###.....l@....#
#.#
#############
#.# #.# #.# #.#
#.# #.# #.#


You could see an iguana.

Vanquished Creatures
  An iguana (D:3)
  An adder (D:3)
  A bat (D:2)
  2 endoplasms (D:3)
  A giant cockroach (D:3)
  2 hobgoblins
8 creatures vanquished.

Notes
Turn   | Place    | Note
-------+----------+-------------------------------------------
     0 | D:1      | Zeld the Octopode Monk began the quest for the Orb.
     0 | D:1      | Reached XP level 1. HP: 16/16 MP: 1/1
   493 | D:3      | Reached XP level 2. HP: 12/21 MP: 2/2
   660 | D:3      | Reached XP level 3. HP: 24/27 MP: 3/3
  1102 | D:3      | Slain by an iguana

Illustrated notes

Levels and vault maps discovered:
D:1:      lightli_arrival_noodles, layout_loops_ring
D:2:      layout_rooms, minivault_19, minmay_close_crescents
D:3:      layout_basic, ebering_ecumenical_altar_box
D:4:      kennysheep_goblin_castle, layout_rooms,
          minmay_temple_entry_statues_fountains, serial_glass, glass_columns_a,
          glass_columns_a, item_on_display_a, item_on_display_a,
          due_unseen_surprise

Action                   || total
-------------------------++-------
Melee: Unarmed           ||    32
       Constrict         ||     8
       Tentacles         ||     8
 Stab: Sleeping          ||     4
       Distracted        ||     1
Armor: Skin              ||     3
Dodge: Dodged            ||    16

Table legend: (Time is in decaauts)
 A = Elapsed time spent in this place.
 B = Non-inter-level travel time spent in this place.
 C = Inter-level travel time spent in this place.
 D = Time resting spent in this place.
 E = Time spent auto-exploring this place.
 F = Levels seen in this place.
 G = Mean time per level.
                   A        B        C        D        E       F      G
               +--------+--------+--------+--------+--------+-----+--------+
         Total |   1100 |   1008 |     92 |    367 |    495 |   4 |  275.0 |
       Dungeon |   1100 |   1008 |     92 |    367 |    495 |   4 |  275.0 |
               +--------+--------+--------+--------+--------+-----+--------+

Top non-repeatable levels by time:
     D:3: 699 daAuts
     D:1: 311 daAuts
     D:2: 67 daAuts
     D:4: 22 daAuts
